 Dungeon Crawl Stone Soup version 0.28-a0-1567-g1695149f81 (webtiles) character file.

Game seed: 173737964678275740

6455 comborobin the Nimble (level 10, -4/72 HPs)
             Began as an Octopode Cinder Acolyte on Jan 20, 2022.
             Was a High Priest of Ignis.
             Slain by a troll (12 damage)
             ... on level 9 of the Dungeon.
             The game lasted 00:10:21 (9367 turns).

comborobin the Nimble (Octopode Cinder Acolyte)     Turns: 9367, Time: 00:10:22

Health: -4/72      AC:  1    Str: 17    XL:     10   Next: 99%
Magic:  11/11      EV: 17    Int: 14    God:    Ignis [*****.]
Gold:   1290       SH:  0    Dex: 13    Spells: 11/11 levels left

rFire   + + .      SeeInvis +   a - +10 dagger of Eleocroang {drain, rF+ Will++}
rCold   . . .      Faith    .   (no shield)
rNeg    . . .      Spirit   .   (helmet restricted)
rPois   +          Reflect  .   (no amulet)
rElec   +          Harm     .   b - ring of Moodiness {rElec rPois Str+3 Int-3 Dex+2}
rCorr   .          Rampage  .   g - ring of see invisible
Will    ++...                   (no ring)
Stlth   ++++......              (no ring)
HPRegen 0.22/turn               (no ring)
MPRegen 0.12/turn               (no ring)
                                (no ring)
                                (no ring)

@: no status effects
A: almost no armour, amphibious, 8 rings, camouflage 1, gelatinous body 1,
(nimble swimmer 1), tentacles
a: Renounce Religion, Fiery Armour, Foxfire Swarm, Rising Flame


You were on level 9 of the Dungeon.
You worshipped Ignis.
Ignis was extremely pleased with you.
You visited 1 branch of the dungeon, and saw 9 of its levels.

You collected 1290 gold pieces.

Inventory:

Hand Weapons
 a - the +10 dagger of Eleocroang (weapon) {drain, rF+ Will++}
   (You found it on level 3 of the Dungeon)

   A truly terrible weapon, it drains the life of any living foe it strikes.
   rF:        It protects you from fire.
   Will:      It greatly increases your willpower.
Missiles
 k - 2 poisoned darts (quivered)
Jewellery
 b - the ring of Moodiness (left tentacle) {rElec rPois Str+3 Int-3 Dex+2}
   (You acquired it on level 7 of the Dungeon)

   [ring of poison resistance]

   Str:       It affects your strength (+3).
   Int:       It affects your intelligence (-3).
   Dex:       It affects your dexterity (+2).
   rElec:     It insulates you from electricity.
   rPois:     It protects you from poison.
 g - a ring of see invisible (right tentacle)
Scrolls
 c - a scroll of magic mapping
 h - a scroll of noise {unknown}
 i - 3 scrolls of identify
 j - a scroll of amnesia {unknown}
 m - a scroll of blinking
Potions
 d - a potion of lignification {unknown}
 e - 2 potions of curing {unknown}
 f - a potion of brilliance {unknown}
 l - a potion of heal wounds {unknown}


   Skills:
 + Level 8.2 Fighting
 + Level 9.2 Short Blades
 * Level 10.1 Dodging
 * Level 6.0 Stealth
 - Level 3.2 Unarmed Combat
 - Level 1.3 Spellcasting
 - Level 3.2 Fire Magic


You had 11 spell levels left.
You didn't know any spells.
Your spell library contained the following spells:

 Spells                   Type           Power      Damage    Failure   Level
 Scorch                   Fire           18%        2d6       11%         2
 Animate Skeleton         Necr           0%         N/A       26%         1
 Pain                     Necr           0%         1d4       26%         1
 Summon Guardian Golem    Hex/Summ       0%         N/A       61%         3
 Vampiric Draining        Necr           0%         2d6       61%         3
 Hailstorm                Conj/Ice       0%         3d3       95%         4
 Ice Form                 Ice/Tmut       0%         N/A       95%         4
 Fireball                 Conj/Fire      2%         3d4       98%         5
 Dispersal                Tloc           0%         N/A       100%        6
 Simulacrum               Ice/Necr       0%         N/A       100%        6
 Starburst                Conj/Fire      2%         6d3       100%        6
 Orb of Destruction       Conj           0%         9d5       100%        7
 Spellforged Servitor     Conj/Summ      0%         N/A       100%        7
 Disjunction              Tloc           0%         N/A       100%        8
 Ignition                 Fire           4%         3d4       100%        8


Dungeon Overview and Level Annotations

Branches:
Dungeon (9/15)             Temple (0/1) D:5
   Lair: D:8-11         Orc: D:9-12

Altars:
Nemelex Xobeh

Annotations:
D:1 exclusions: bat and endoplasm
D:6 exclusions: gargoyle and 1 more exclusion


Innate Abilities, Weirdness & Mutations

You cannot wear most types of armour.
You are amphibious.
You can wear up to eight rings at the same time.
Your skin changes colour to match your surroundings (Stealth+).
Your rubbery body absorbs attacks. (AC +1, EV +1)
((You are camouflaged when in or above water. (Stealth+)))
You have tentacles for arms and can constrict up to eight enemies at once.


Message History

The steam dragon is almost dead.
The steam dragon breathes steam at you. The ball of steam hits you. You resist.
You hear a shout! x2; You hear an angry buzzing noise.
You closely miss the steam dragon. You squeeze the steam dragon.
You kill the steam dragon!
You hear an angry buzzing noise.
You hear a shout!
Your Stealth skill increases to level 6!
You start resting.
A bullfrog comes into view.
The bullfrog gives a loud, deep croak!
The bullfrog hits you.
You hear a shout!
You hear a roar!
You closely miss the bullfrog. You grab the bullfrog.
You squeeze the bullfrog, but do no damage.
You constrict the bullfrog. You puncture the bullfrog! You drain the bullfrog.
You tentacle-slap the bullfrog.
The bullfrog is severely wounded.
You constrict the bullfrog. The bullfrog closely misses you.
A troll comes into view.
You puncture the bullfrog!
You kill the bullfrog!
You hit the troll. You squeeze the troll!
The troll is moderately wounded.
The troll bites you! The troll closely misses you. The troll claws you!
You hit the troll.
The troll is heavily wounded.
You hit the troll.
The troll is heavily wounded.
The troll closely misses you. The troll claws you!
The troll closely misses you.
You hit the troll. You squeeze the troll.
The troll is severely wounded.
The troll bites you!!
* * * LOW HITPOINT WARNING * * *
The troll claws you!
* * * LOW HITPOINT WARNING * * *
The troll claws you!
You die...

#........#####...........
#.######.#####.....#####.
#.######....##.....# #.
.........##.######## ##
##.######..#.# # ##.
#..#.# . ##.W #.##.# .
...# #....# . ... #@####
.. ##T# #. #..#####
#.##W.....# #.').####.#
#.#### #. .. ...


You could see a troll and a wraith.

Vanquished Creatures
  2 centaur zombies
  Sigmund (D:3)
  A wyvern (D:8)
  18 yaks
  A steam dragon (D:9)
  A water moccasin (D:8)
  3 orc warriors
  An ice beast (D:6)
  3 ogres (D:6)
  A sky beast (D:6)
  A black bear (D:5)
  A necrophage (D:8)
  4 centaurs
  A kobold brigand (D:9)
  A wyvern zombie (D:9)
  5 bullfrogs
  A wyvern skeleton (D:7)
  3 killer bees (D:7)
  7 wights
  A bullfrog zombie (D:6)
  5 hounds
  2 gnoll shamans
  6 orc priests
  6 iguanas
  7 orc wizards
  A hound skeleton (D:4)
  5 gnolls (D:5)
  A howler monkey zombie (D:7)
  2 adders
  2 white imps
  An ufetubus (D:7)
  3 worms
  A dart slug (D:1)
  18 orcs
  2 endoplasms
  5 goblins
  3 hobgoblins
  3 jackals (D:3)
  5 kobolds
  3 ball pythons
  2 bats
  2 frilled lizards
142 creatures vanquished.

Vanquished Creatures (others)
  34 foxfires
34 creatures vanquished.

Grand Total: 176 creatures vanquished

Notes
Turn   | Place    | Note
-------+----------+-------------------------------------------
     0 | D:1      | comborobin the Octopode Cinder Acolyte began the quest for
                  | the Orb.
     0 | D:1      | Reached XP level 1. HP: 16/16 MP: 2/2
   169 | D:2      | Reached XP level 2. HP: 14/21 MP: 3/3
   509 | D:3      | Identified the +10 dagger of Eleocroang {drain, rF+ Will++}
   662 | D:3      | Reached skill level 1 in Short Blades
   742 | D:3      | Reached XP level 3. HP: 24/26 MP: 4/4
   884 | D:3      | Noticed Sigmund
   889 | D:3      | Killed Sigmund
   890 | D:3      | Reached XP level 4. HP: 29/31 MP: 5/5
   890 | D:3      | Reached XP level 5. HP: 33/36 MP: 6/6
   932 | D:3      | Reached skill level 5 in Short Blades
   943 | D:3      | Reached XP level 6. HP: 38/42 MP: 7/7
  1042 | D:4      | You fall into a shaft and drop 3 floors!
  1043 | D:7      | Identified 2 scrolls of acquirement
  1043 | D:7      | Acquired 968 gold pieces
  1046 | D:7      | Acquired the ring of Moodiness {rElec rPois Str+3 Int-3
                  | Dex+2}
  1156 | D:6      | Reached skill level 1 in Dodging
  1191 | D:6      | Noticed an ice beast
  1382 | D:6      | Reached skill level 1 in Stealth
  1382 | D:6      | Reached XP level 7. HP: 28/47 MP: 8/8
  1578 | D:5      | Entered Level 5 of the Dungeon
  1631 | D:5      | Reached skill level 2 in Dodging
  1740 | D:5      | Found a staircase to the Ecumenical Temple.
  2387 | D:5      | Reached skill level 3 in Dodging
  2884 | D:4      | Reached XP level 8. HP: 54/54 MP: 9/9
  3137 | D:6      | Noticed a gargoyle
  3237 | D:6      | Reached skill level 4 in Dodging
  3255 | D:6      | Reached skill level 5 in Fighting
  3315 | D:6      | Found a sparkling altar of Nemelex Xobeh.
  4144 | D:7      | Reached skill level 5 in Dodging
  4144 | D:7      | Reached XP level 9. HP: 28/62 MP: 10/10
  4608 | D:7      | Reached skill level 6 in Dodging
  5693 | D:8      | Reached skill level 7 in Dodging
  6107 | D:8      | Reached skill level 8 in Dodging
  6366 | D:7      | Reached XP level 10. HP: 59/71 MP: 11/11
  6968 | D:7      | Reached skill level 9 in Dodging
  7818 | D:9      | Noticed a two-headed ogre
  8588 | D:8      | Reached skill level 5 in Stealth
  9126 | D:9      | Reached skill level 10 in Dodging
  9367 | D:9      | Slain by a troll

Illustrated notes

Levels and vault maps discovered:
D:1:      erik_arrival_triangle_medium, layout_basic,
          ebering_ecumenical_altar_petrified
D:2:      layout_loops_corners, uniq_natasha
D:3:      layout_basic, uniq_sigmund
D:4:      lemuel_castle_with_subvaults [lemuel_castle_interior_carwin_3],
          layout_basic
D:5:      layout_basic, temple_pool_b
D:6:      layout_basic, nemelex_dance_club_becter
D:7:      layout_basic, enter_bailey_3
D:8:      layout_rooms
D:9:      minmay_octagon_keep, layout_basic, hiddenorc1_lemuel,
          dk_noncrumbling_3, minmay_misc_feat_roman, kennysheep_nondescript,
          nicolae_figureground_pulse

Skill      XL: |  1  2  3  4  5  6  7  8  9 10 |
---------------+-------------------------------+-----
Short Blades   | 1 4 5 6 7 8 9 |  9.2
Dodging        | 1 3 5 8 10 | 10.1
Stealth        | 1 3 6 |  6.0
Fighting       | 4 5 7 8 |  8.2
Unarmed Combat | |  3.2
Spellcasting   | |  1.3
Fire Magic     | |  3.2

Action                   |  1- 3 |  4- 6 |  7- 9 | 10-12 || total
-------------------------+-------+-------+-------+-------++-------
Melee: Unarmed           |    17 |       |       |       ||    17
       Constrict         |    10 |     3 |    32 |     9 ||    54
       Tentacles         |     7 |     4 |    50 |    37 ||    98
       Punch             |     1 |     1 |     8 |    11 ||    21
       Dagger            |    19 |    23 |   188 |   171 ||   401
Throw: Dart              |       |       |       |     5 ||     5
Invok: Foxfire Swarm     |       |     1 |     1 |       ||     2
  Use: Scroll            |       |     3 |     5 |       ||     8
 Stab: Sleeping          |     1 |     2 |     9 |     1 ||    13
       Distracted        |       |       |     2 |     1 ||     3
Armor: Skin              |     3 |       |     6 |     1 ||    10
Dodge: Dodged            |    14 |    12 |    94 |   102 ||   222

Table legend: (Time is in decaauts)
 A = Elapsed time spent in this place.
 B = Non-inter-level travel time spent in this place.
 C = Inter-level travel time spent in this place.
 D = Time resting spent in this place.
 E = Time spent auto-exploring this place.
 F = Levels seen in this place.
 G = Mean time per level.
                   A        B        C        D        E       F      G
               +--------+--------+--------+--------+--------+-----+--------+
         Total |   9234 |   8967 |    267 |   3429 |   3884 |   9 | 1026.0 |
       Dungeon |   9234 |   8967 |    267 |   3429 |   3884 |   9 | 1026.0 |
               +--------+--------+--------+--------+--------+-----+--------+

Top non-repeatable levels by time:
     D:7: 2895 daAuts
     D:6: 1555 daAuts
     D:5: 1335 daAuts
     D:8: 1269 daAuts
     D:9: 1085 daAuts
     D:3: 550 daAuts
     D:2: 282 daAuts
     D:4: 143 daAuts
     D:1: 116 daAuts
